Map: King's Cove LE

Players

BeWater

  • Race: Zerg Zerg
  • Spawn Location: 5:00

wootwoot - Winner!

  • Race: Terran Terran
  • Spawn Location: 11:00

VOD

Have the link to the VOD?

Description

Time

  • Played on: April 21, 2025, 8:18 a.m.
  • Length: 3:32
Show
View Real Time Build Order
Export as new Build Order

BeWater Zerg 

Build Orders: Pool First 

Get SALT Encoding   

  12  0:03  Drone  
  13  0:14  Drone  
  14  0:19  Overlord  
  14  0:31  Extractor  
  13  0:44  Spawning Pool  
  13  0:46  Drone x2  
  14  0:59  Drone x2  
  16  1:39  Queen  
  18  1:45  Drone x2, Hatchery  
  19  1:51  Overlord  
  20  2:01  Zergling x2  
  21  2:15  Queen  
  23  2:39  Zergling x6  
  26  2:48  Hatchery  
Show
View Real Time Build Order
Export as new Build Order

wootwoot Terran - Winner!

Build Orders:  

Get SALT Encoding   

  12  0:00  SCV  
  13  0:12  SCV  
  14  0:23  Supply Depot  
  14  0:24  SCV  
  15  0:44  SCV  
  15  0:47  Barracks  
  16  0:56  SCV  
  17  1:01  Barracks  
  17  1:13  Barracks  
  17  1:17  SCV  
  18  1:29  SCV  
  19  1:34  Marine  
  19  1:36  Barracks  
  20  1:48  Marine  
  20  1:50  Barracks  
  20  1:53  Marine  
  22  2:00  Marine  
  23  2:04  Supply Depot  
  23  2:25  Marine x4  
  23  2:28  Supply Depot  
  27  2:38  Marine  
  27  2:43  Marine x3  
  31  2:49  Marine  
  32  2:51  Supply Depot  
  32  2:56  Marine  
  33  3:01  Marine  
  33  3:03  Marine x2  
  33  3:07  Marine  
  33  3:13  Marine  
Tags
 
Matchup
TvZ
Opening
Pool First
Replay Pack
#1B2M-Replays
Spawn Locations
Cross Positions
Add a new tag
Caveats
  • Supply blocks, unpowered buildings, or Contaminate may cause inaccurate times.
  • Supply counts are checked every 10 seconds.